cohdb
Replays
Latest Replays
All Replays
Popular Replays
Top Player Replays
Match Explorer
How It Works
Community
CoH3 Stats
Reddit
Sign in to upload your games and track your stats! →
Sign in with Steam
Match 39508731
Unlisted
Match 39508731
Overview
Messages
Build Orders
End
Selects Canadian Shock Battlegroup
Construct Section Command Post
Infantry Section
Infantry Section
Infantry Section
Construct Platoon Command Post
Selects Attacking Spirit
Selects Canadian Shock Section
Canadian Shock Section
Canadian Shock Section
Canadian Shock Section
Canadian Shock Section
Selects Burnout
Wayne_Wang
Fey Mood
Liamster
TURBOMAN
High Voltage
kenleung
B nice
Spacejelly
0
0
Comments
sign in to comment!
No comments posted yet!